 Dungeon Crawl Stone Soup version 0.13-a0-1660-ga2b9f94 (webtiles) character file.

310 M4edhros the Sneak (level 5, -1/34 HPs)
             Began as an Octopode Artificer on June 18, 2013.
             Slain by M4edhros' ghost (8 damage)
             ... on Level 3 of the Dungeon.
             The game lasted 00:04:04 (3170 turns).

M4edhros the Sneak (Octopode Artificer)             Turns: 3170, Time: 00:04:04

HP  -1/34        AC  1     Str 10      XL: 5   Next: 72%
MP   0/7         EV 14     Int 15      God:
Gold 117         SH  0     Dex 13      Spells:  0 memorised,  4 levels left

Res.Fire  : . . .   See Invis. : .   a - +0 short sword
Res.Cold  : . . .   Warding    : .   (no shield)
Life Prot.: . . .   Conserve   : .   (helmet restricted)
Res.Poison: .       Res.Corr.  : .   (no amulet)
Res.Elec. : .       Clarity    : .   (no ring)
Sust.Abil.: . .     Spirit.Shd : .   (no ring)
Res.Mut.  : .       Stasis     : .   (no ring)
Res.Rott. : .       Flight     : .   (no ring)
Saprovore : . . .                    (no ring)
                                     (no ring)
                                     (no ring)
                                     (no ring)

@: slightly resistant to hostile enchantments, very stealthy
A: almost no armour, amphibious, 8 rings, constrict 8, camouflage 1, AC +1
a: no special abilities


You were on level 3 of the Dungeon.
You were hungry.

You visited 1 branch of the dungeon, and saw 3 of its levels.

You collected 97 gold pieces.

Inventory:

Hand weapons
 a - a +0,+0 short sword (weapon)
 k - a +4,+0 scythe of protection
Magical devices
 b - a wand of flame (0)
 c - a wand of enslavement (14)
 d - a wand of random effects (8)
 i - a wand of enslavement (12)
Comestibles
 f - a bread ration
 g - a lemon
 l - an apple
 n - a chunk of orc flesh
Scrolls
 e - 3 scrolls of remove curse {unknown}
 h - a scroll of enchant weapon II {unknown}
 j - 3 scrolls of identify {unknown}
Potions
 m - a potion of berserk rage {unknown}


   Skills:
 - Level 1.0 Fighting
 - Level 1.0 Short Blades
 + Level 4.2 Dodging
 + Level 5.5 Stealth
 - Level 2.1 Traps
 - Level 3.2 Evocations


You had 4 spell levels left.
You didn't know any spells.

Dungeon Overview and Level Annotations

Branches:
Dungeon (3/27)

Altars:
Xom
Yredelemnul
Zin

Annotations
D:3 M4edhros' ghost, average OpAr


Innate Abilities, Weirdness & Mutations

You cannot wear most types of armour.
You are amphibious.
You can wear up to eight rings at the same time.
You can use your tentacles to constrict many enemies at once.
Your skin changes colour to match your surroundings (Stlth).
Your rubbery body absorbs attacks (AC +1).


Message History

You feel better. M4edhros' ghost misses you.
You closely miss M4edhros' ghost. You squeeze M4edhros' ghost.
M4edhros' ghost is severely damaged.
M4edhros' ghost hits you.
You hit M4edhros' ghost but do no damage.
M4edhros' ghost is severely damaged.
M4edhros' ghost barely misses you.
You hit M4edhros' ghost but do no damage.
M4edhros' ghost is severely damaged.
M4edhros' ghost hits you.
You feel your power leaking away. M4edhros' ghost hits you.
You hit M4edhros' ghost but do no damage.
M4edhros' ghost is severely damaged.
M4edhros' ghost hits you.
* * * LOW HITPOINT WARNING * * *
You hit M4edhros' ghost but do no damage.
M4edhros' ghost is severely damaged.
M4edhros' ghost hits you!
You die...

....... #.#
#.# .>....
#.## #.#
...... ...#
#.# ......
#..# #.# .....
#..# #.# ....
#..# #.# ...
#..# #.#
#.#########..#
#.#
.#......p@...#
#.#
#.##########.#
###.## #.# #.#
#).... #.# #.#
#..... #.#
#.######
#..... #.#
#......#
#..... #.#
######.#
#.%).. #.#
######.#
##.###
########.#
#......# #.#


You could see M4edhros' ghost.

Vanquished Creatures
  Sigmund (D:3)
  2 jellies (D:2)
  An orc priest (D:3)
  An adder (D:3)
  A giant mite (D:3)
  A human (D:3)
  A worm (D:2)
  3 orcs (D:3)
  2 goblins (D:2)
  7 hobgoblins
  4 jackals (D:1)
  A sheep (D:2)
  A ball python (D:1)
  3 bats
  3 giant geckos
  4 giant newts
  5 kobolds
  2 kobold skeletons (D:3)
  6 rats
49 creatures vanquished.

Vanquished Creatures (others)
  An orc (D:3)
  A giant newt (D:2)
  2 kobolds
4 creatures vanquished.

Grand Total: 53 creatures vanquished

Notes
Turn   | Place    | Note
--------------------------------------------------------------
     0 | D:1      | M4edhros, the Octopode Artificer, began the quest for the Orb.
     0 | D:1      | Reached XP level 1. HP: 14/14 MP: 1/1
   200 | D:1      | Reached XP level 2. HP: 17/19 MP: 3/3
   878 | D:2      | Found a glowing silver altar of Zin.
   958 | D:2      | Reached XP level 3. HP: 21/24 MP: 4/4
  1027 | D:2      | Found a shimmering altar of Xom.
  1765 | D:2      | Reached skill level 4 in Stealth
  1765 | D:2      | Reached XP level 4. HP: 8/29 MP: 6/6
  2111 | D:3      | Noticed Sigmund
  2127 | D:3      | Killed Sigmund
  2127 | D:3      | Reached skill level 5 in Stealth
  2127 | D:3      | Reached XP level 5. HP: 11/34 MP: 7/7
  2165 | D:3      | Noticed M4edhros' ghost (average OpAr)
  2672 | D:3      | Found a basalt altar of Yredelemnul.
  3170 | D:3      | Slain by M4edhros' ghost

Action                   |  1- 3 |  4- 6 || total
-------------------------+-------+-------++-------
Melee: Short sword       |    62 |    49 ||   111
       Scythe            |       |     7 ||     7
Evoke: Wand              |     8 |    15 ||    23
  Use: Potion            |       |     3 ||     3
 Stab: Sleeping          |     7 |     3 ||    10
       Confused          |       |     1 ||     1
       Distracted        |       |     1 ||     1
